Map: [ESL] Inside and Out

Players

MaxPax - Winner!

  • Race: Protoss Protoss
  • Spawn Location: 7:00

NightPhoenix

  • Race: Protoss Protoss
  • Spawn Location: 1:00

Event: DreamHack SC2 Masters 2022 Atlanta (Online)

VOD

Have the link to the VOD?

Description

Time

  • Played on: Oct. 2, 2022, 11:54 a.m.
  • Length: 10:05

All games in this series

Show
View Real Time Build Order
Export as new Build Order

MaxPax Protoss - Winner!

Build Orders: Oracle Opening 

Get SALT Encoding   

  12  0:00  Probe  
  13  0:12  Probe  
  14  0:19  Pylon  
  14  0:24  Probe  
  15  0:37  Probe (Chrono Boost), Gateway  
  16  0:47  Probe (Chrono Boost)  
  16  0:48  Assimilator  
  17  0:52  Probe (Chrono Boost)  
  18  1:03  Probe  
  19  1:15  Probe (Chrono Boost), Assimilator  
  19  1:16  Pylon  
  20  1:23  Cybernetics Core  
  20  1:24  Probe (Chrono Boost)  
  23  1:33  Probe  
  24  1:43  Zealot  
  24  1:45  Probe  
  25  1:57  Probe  
  26  2:02  Stargate  
  26  2:12  Stalker  
  28  2:22  Nexus  
  28  2:24  Warp Gate  
  28  2:31  Pylon  
  28  2:35  Probe  
  29  2:46  Oracle (Chrono Boost)  
  29  2:50  Shield Battery  
  32  2:56  Probe  
  33  3:02  Stalker  
  33  3:15  Gateway  
  37  3:29  Void Ray (Chrono Boost)  
  37  3:33  Shield Battery  
  37  3:39  Probe  
  38  3:47  Probe  
  38  3:48  Robotics Facility  
  39  3:52  Probe  
  40  3:56  Stalker  
  42  4:10  Shield Battery  
  42  4:12  Pylon  
  42  4:13  Stalker  
  44  4:30  Probe  
  45  4:32  Immortal (Chrono Boost)  
  45  4:37  Zealot  
  50  4:39  Sentry  
  50  4:43  Shield Battery  
  52  4:49  Pylon  
  52  5:03  Immortal (Chrono Boost)  
  56  5:10  Stalker  
  58  5:16  Stalker  
  60  5:23  Probe x2  
  62  5:32  Assimilator  
  61  5:36  Immortal (Chrono Boost)  
  61  5:42  Pylon  
  65  5:47  Stalker  
  67  5:56  Probe  
  68  5:58  Probe  
  68  6:02  Stalker  
  71  6:09  Probe  
  71  6:11  Probe  
  73  6:15  Stalker  
  75  6:21  Observer  
  75  6:23  Pylon  
  77  6:34  Stalker  
  76  6:40  Stalker  
  76  6:41  Probe  
  76  6:42  Probe  
  78  6:53  Probe  
  78  7:00  Immortal (Chrono Boost)  
  79  7:02  Stalker  
  79  7:05  Probe  
  85  7:09  Twilight Council, Pylon  
  85  7:14  Probe  
  85  7:15  Pylon  
  85  7:29  Probe x2  
  88  7:38  Stalker  
  88  7:39  Stalker  
  88  7:42  Warp Prism (Chrono Boost)  
  92  7:47  Probe (Chrono Boost)  
  90  7:54  Probe (Chrono Boost), Blink (Chrono Boost)  
  86  7:59  Probe (Chrono Boost)  
  86  8:04  Probe (Chrono Boost)  
  87  8:11  Immortal  
  87  8:12  Probe  
  87  8:13  Stalker  
  84  8:24  Probe  
  84  8:26  Probe  
  84  8:27  Dark Shrine  
  84  8:37  Probe  
  78  8:49  Stalker x2  
  78  8:52  Gateway  
  78  8:54  Probe  
  83  8:57  Probe  
  84  9:06  Probe  
  85  9:15  Probe  
  84  9:17  Nexus  
  84  9:18  Probe  
  84  9:20  Pylon  
  85  9:27  Probe  
  85  9:29  Forge  
  86  9:31  Assimilator  
  86  9:34  Probe  
  87  9:40  Dark Templar x2, Probe  
  92  9:45  Shield Battery  
  92  9:46  Probe  
  92  9:52  Probe  
  94  9:55  Stalker  
  96  10:00  Gateway  
Show
View Real Time Build Order
Export as new Build Order

NightPhoenix Protoss 

Build Orders: Blink Stalkers 

Get SALT Encoding   

  12  0:00  Probe  
  13  0:12  Probe  
  14  0:17  Pylon  
  14  0:24  Probe (Chrono Boost)  
  15  0:36  Probe (Chrono Boost)  
  15  0:37  Gateway  
  16  0:45  Probe (Chrono Boost)  
  16  0:46  Assimilator  
  17  0:51  Probe  
  18  0:57  Assimilator  
  18  1:03  Probe (Chrono Boost)  
  19  1:08  Gateway  
  19  1:13  Probe (Chrono Boost)  
  20  1:21  Probe  
  20  1:25  Cybernetics Core  
  21  1:33  Probe  
  21  1:36  Pylon  
  22  1:45  Probe  
  23  1:57  Probe  
  24  2:02  Stalker x2  
  24  2:05  Warp Gate  
  28  2:13  Pylon  
  28  2:27  Pylon  
  28  2:32  Stalker  
  30  2:45  Stalker  
  30  2:48  Twilight Council  
  32  2:57  Gateway  
  31  3:05  Shield Battery  
  29  3:20  Blink (Chrono Boost)  
  29  3:30  Gateway  
  29  3:53  Stalker x2  
  29  3:54  Stalker  
  35  4:08  Pylon  
  35  4:17  Stalker x2  
  39  4:31  Stalker x2  
  43  4:33  Pylon  
  43  4:40  Stalker  
  43  4:43  Sentry  
  47  4:55  Stalker  
  47  4:58  Phoenix  
  49  5:00  Stalker  
  51  5:10  Stalker  
  53  5:17  Stalker  
  49  5:50  Stalker x3  
  51  6:11  Pylon  
  51  6:15  Adept x2  
  51  6:16  Stalker  
  55  6:35  Stalker  
  55  6:36  Stalker x2  
  59  6:57  Stalker  
  59  7:03  Adept x2  
  59  7:07  Pylon  
  63  7:27  Nexus  
  59  7:35  Probe (Chrono Boost)  
  60  7:41  Sentry  
  62  7:46  Adept x2  
  62  7:56  Probe  
  63  7:58  Stalker  
  65  8:08  Probe  
  56  8:20  Probe  
  56  8:22  Stalker x2  
  57  8:31  Stalker  
  57  8:32  Probe  
  60  8:42  Stalker  
  62  8:50  Probe  
  62  8:51  Probe  
  64  8:59  Sentry, Stalker  
  64  9:01  Sentry  
  70  9:07  Stalker  
  72  9:20  Shield Battery  
  72  9:22  Stalker x2  
  76  9:28  Stalker  
  78  9:37  Pylon  
  78  9:54  Pylon  
Tags
 
Add a new tag
Caveats
  • Supply blocks, unpowered buildings, or Contaminate may cause inaccurate times.
  • Supply counts are checked every 10 seconds.